AoeStats
← Sugar Daddy

African Clearing

505428164Analyzed
4v4 RM · 24d ago on Sep 9, 2026· 36m 10s· 8 players
Game mode
Random Map
Map size
Large (8 player)
Population
200
Speed
Normal
Resources
Standard
Victory
Conquest
Starting age
Dark Age
Ending age
Imperial Age
RankedLock teamsTeams togetherTeam positionsShared explorationLock speedFull tech treeHidden civsTurbo modeCheats
Victory
Defeat
🇨🇦 Tupi · Canada
1658
+5
🇩🇰 Koreans · Denmark
1543
+8
🇦🇺 Bulgarians · Australia
1504
+9
🇺🇸 Spanish · United States
1206
+20
🇻🇳 Goths · Vietnam
1389
-12
🇹🇼 Khitans · Taiwan
1386
-13
🇯🇵 Huns · Japan
1375
-11
🇹🇼 Khmer · Taiwan
1193
-6
gianghodd01
4:35 Loom
15:10 Feudal Age
15:40 Double-Bit Axe
15:38 Horse Collar
22:28 Castle Age
32:37 Gold Mining
33:32 Wheelbarrow
36:34 Imperial Age
34:33 Hand Cart
34:56 Town Watch
35:15 Squires
36:00 Scale Mail Armor
HAMADY
11:29 Loom
13:14 Feudal Age
18:48 Castle Age
18:44 Fletching
18:54 Padded Archer Armor
21:19 Bodkin Arrow
22:31 Husbandry
23:53 Double-Bit Axe
28:45 Thumb Ring
Sugar Daddy
9:25 Loom
9:59 Loom
12:25 Feudal Age
20:26 Castle Age
18:18 Double-Bit Axe
31:06 Gold Mining
Noobjoker
11:10 Loom
13:58 Feudal Age
14:01 Man-at-Arms
20:56 Town Watch
21:48 Wheelbarrow
22:42 Wheelbarrow
23:14 Double-Bit Axe
24:16 Domestication
36:24 Castle Age
Soma
7:46 Loom
13:41 Feudal Age
17:38 Castle Age
16:54 Double-Bit Axe
22:48 Town Watch
25:36 Bow Saw
26:07 Wheelbarrow
26:34 Horse Collar
27:24 Heavy Plow
27:56 Hand Cart
29:58 Gold Mining
34:37 Imperial Age
32:35 Scale Barding Armor
32:41 Forging
32:32 Scale Mail Armor
34:00 Chain Barding Armor
34:16 Iron Casting
34:52 Chain Mail Armor
35:48 Crop Rotation
35:14 Stone Mining
35:09 Elite Konnik
sakuzi
8:43 Loom
19:48 Feudal Age
23:17 Double-Bit Axe
28:51 Castle Age
28:46 Padded Archer Armor
33:38 Leather Archer Armor
Benitto Burrito
12:30 Feudal Age
13:06 Loom
13:12 Loom
16:20 Castle Age
14:59 Fletching
17:41 Bodkin Arrow
20:07 Ballistics
22:46 Padded Archer Armor
33:34 Wheelbarrow
32:44 Town Watch
34:18 Double-Bit Axe
34:25 Gold Mining
Lord Longshaft
12:42 Feudal Age
16:57 Forging
17:10 Scale Barding Armor
18:28 Horse Collar
19:17 Stone Mining
22:02 Castle Age
20:01 Double-Bit Axe
20:54 Gold Mining
22:01 Loom
22:41 Fletching
25:02 Bow Saw
26:01 Bodkin Arrow
25:59 Town Watch
28:03 Wheelbarrow
29:44 Ballistics
34:36 Heavy Plow
35:01 Herbal Medicine
36:48 Stone Shaft Mining
Connection lost

Rejoining the realm…

Still unreachable

The connection could not be restored.

Session expired

The server has moved on; the page needs a fresh start.